 Dungeon Crawl Stone Soup version 0.24-a0-539-g6aae15e (webtiles) character file.

Game seed: 9855344151014336269

154 NeededCrab the Firebug (level 5, -4/38 HPs)
             Began as a Draconian Fire Elementalist on Aug 16, 2019.
             Slain by a worker ant (6 damage)
             ... on level 4 of the Dungeon.
             The game lasted 00:16:47 (3356 turns).

NeededCrab the Firebug (DrFE)                       Turns: 3356, Time: 00:16:47

Health: -4/38      AC:  5    Str: 17    XL:     5   Next: 13%
Magic:  0/9        EV: 12    Int: 16    God:
Gold:   183        SH:  0    Dex: 11    Spells: 4/10 levels left

rFire    . . .     SeeInvis .   u - +4 club
rCold    . . .     Gourm    .   (no shield)
rNeg     . . .     Faith    .   (armour unavailable)
rPois    .         Spirit   .   (helmet restricted)
rElec    .         Reflect  .   (no cloak)
rCorr    .         Harm     .   (no gloves)
MR       .....                  (no boots)
Stlth    ++........             (no amulet)
HPRegen  0.12/turn              n - +2 ring of strength
MPRegen  0.11/turn              o - +4 ring of strength

@: very slightly contaminated
A: unfitting armour, cold-blooded, AC +5
a: no special abilities


You were on level 4 of the Dungeon.
You were not hungry.

You visited 1 branch of the dungeon, and saw 4 of its levels.

You collected 183 gold pieces.

Inventory:

Hand Weapons
 u - a +4 club (weapon)
Jewellery
 n - a +2 ring of strength (left hand)
 o - a +4 ring of strength (right hand)
 v - an uncursed amulet of magic regeneration {unknown}
Scrolls
 c - 2 scrolls of teleportation
 h - 2 scrolls of random uselessness
 m - a scroll of remove curse {unknown}
 r - a scroll of enchant weapon
 s - a scroll of blinking {unknown}
Potions
 e - a potion of invisibility
 f - a potion of might
 g - a potion of curing
 i - a potion of berserk rage {unknown}
 k - a potion of experience {unknown}
 p - a potion of degeneration {unknown}
 t - a potion of agility {unknown}
Comestibles
 b - 8 rations


   Skills:
 - Level 2.0 Dodging
 - Level 1.7 Stealth
 + Level 3.0 Spellcasting
 + Level 2.4 Conjurations
 * Level 4.6 Fire Magic


You had 4 spell levels left.
You knew the following spells:

 Your Spells              Type           Power        Failure   Level  Hunger
a - Flame Tongue          Conj/Fire      ##...        4%          1    #......
b - Throw Flame           Conj/Fire      ##....       7%          2    ##.....
c - Conjure Flame         Conj/Fire      ##......     13%         3    ###....

Your spell library contained the following spells:

 Spells                   Type           Power        Failure   Level  Hunger
 Inner Flame              Hex/Fire       #.......     22%         3    ###....
 Sticky Flame             Conj/Fire      ##......     41%         4    #####..
 Fireball                 Conj/Fire      ##........   77%         5    ######.


Dungeon Overview and Level Annotations

Branches:
Dungeon (4/15)
 Temple: D:4-7

Altars:
Ashenzari
Cheibriados
Hepliaklqana


Innate Abilities, Weirdness & Mutations

Your plain brown scales are hard. (AC +5)
You cannot fit into any form of body armour.
You are cold-blooded and may be slowed by cold attacks.


Message History

You hear a zap.
You hear a grinding noise.
Found a ring mail.
Casting: Flame Tongue (safe; 4% risk of failure)
Confirm with . or Enter, or press ? or * to list all spells.
Aiming: Flame Tongue (safe; 4% risk of failure)
Press: ? - help, Shift-Dir - straight line, f - worker ant
Aim: a worker ant The flame tongue hits the worker ant.
The worker ant is moderately wounded.
The worker ant barely misses you.
You hit the worker ant.
The worker ant is severely wounded.
The worker ant bites you!
* * * LOW HITPOINT WARNING * * *
You hear a zap.
You hear a grinding noise.
The worker ant misses you.
You hear a zap.
You hear a grinding noise.
All of the chunks of flesh in your inventory have rotted away.
The worker ant bites you.
You die...

,,,,,,#..........§§§§#,**********
,****,#.##########§###,,,,,,,,,,,
,* *,#.# #.....#§# *,**********
,* *,#.####[###.#§# *,* ,*
*,#......# #.#§# *,*
,****,#.########.#§# *,*
,,,**,#........[.#.# *,*
,,,**,#.##......a#.# *,*
,,,+,,...+......@#.# *,*
,,,**,#.##.......#.# *,* *******
,,,,,,#.##.......#.# *,***,,,,,*
,,,***#.##........,* *,*,*,,,,,*
,,,,,,#.#####.....,***,*,+,,,,,*
,,,**,*,****#....g.+,,,*,*,,,,,*
,,,,,,*,*,,,.......*****,*,,,,,**
,,,,,,,,,,,.........,,,,,,,,,,,,,
,,,,,,,,*,,,,,,,,****,,,,*,,,,,*,


You could see a worker ant and a goblin (wandering).

Vanquished Creatures
  Natasha (D:4)
  Robin (D:3)
  4 adders
  A worm (D:3)
  3 dart slugs
  2 leopard geckos
  A ball python (D:3)
  4 giant cockroaches
  13 goblins
  8 hobgoblins
  4 jackals (D:1)
  7 kobolds
  A ball python skeleton (D:4)
  7 bats
  4 frilled lizards
  10 rats
71 creatures vanquished.

Notes
Turn   | Place    | Note
-------+----------+-------------------------------------------
     0 | D:1      | NeededCrab the Draconian Fire Elementalist began the quest
                  | for the Orb.
     0 | D:1      | Reached XP level 1. HP: 14/14 MP: 3/3
   192 | D:1      | Reached XP level 2. HP: 18/20 MP: 1/5
   234 | D:1      | Learned a level 2 spell: Throw Flame
  1089 | D:1      | Reached XP level 3. HP: 26/26 MP: 3/6
  1124 | D:1      | Learned a level 3 spell: Conjure Flame
  1762 | D:2      | Found a hazy altar of Hepliaklqana.
  2117 | D:3      | Found a shattered altar of Ashenzari.
  2254 | D:3      | Reached skill level 4 in Fire Magic
  2387 | D:3      | Reached XP level 4. HP: 33/33 MP: 4/7
  2656 | D:3      | Noticed Robin
  2659 | D:3      | Killed Robin
  3149 | D:3      | Found a snail-covered altar of Cheibriados.
  3324 | D:4      | Noticed Natasha
  3344 | D:4      | Killed Natasha
  3344 | D:4      | Reached XP level 5. HP: 8/38 MP: 0/9
  3356 | D:4      | Slain by a worker ant

Levels and vault maps discovered:
D:1:      minmay_arrival_checkered_box, layout_loops_ring
D:2:      layout_basic, old_standard_altar
D:3:      layout_basic, old_standard_altar, kennysheep_slug_shrine,
          chequers_serial_rivers_small_3, uniq_robin
D:4:      layout_basic, uniq_natasha

Skill      XL: |  1  2  3  4 |
---------------+-------------+-----
Dodging        | 2 |  2.0
Fire Magic     | 4 |  4.6
Conjurations   | 2 |  2.4
Spellcasting   | 3 |  3.0
Stealth        | |  1.7

Action                   |  1- 3 |  4- 6 || total
-------------------------+-------+-------++-------
Melee: Unarmed           |    85 |    18 ||   103
       Tailslap          |    10 |     2 ||    12
       Club              |       |    12 ||    12
 Cast: Flame Tongue      |    58 |    29 ||    87
       Throw Flame       |     7 |    13 ||    20
       Conjure Flame     |       |     1 ||     1
  Use: Scroll            |     4 |     7 ||    11
 Stab: Sleeping          |     1 |       ||     1
  Eat: Chunk             |     6 |     4 ||    10
Armor: Skin              |    36 |    10 ||    46
Dodge: Dodged            |    79 |    31 ||   110

Table legend:
 A = Non-vault XP
 B = Vault XP
 C = Vault XP percentage of total XP
 D = Non-vault monster count
 E = Vault monster count
 F = Vault count percentage of total count
                 A         B        C        D         E       F
            +---------+---------+-------+---------+---------+-------
      Total |     147 |      73 |  33.2 |      58 |      13 |  18.3
            +---------+---------+-------+---------+---------+-------
        D:1 |      45 |       0 |   0.0 |      25 |       0 |   0.0
        D:2 |      38 |       0 |   0.0 |       8 |       0 |   0.0
        D:3 |      63 |      38 |  37.6 |      24 |      12 |  33.3
        D:4 |       1 |      35 |  97.2 |       1 |       1 |  50.0
            +---------+---------+-------+---------+---------+-------
